Map: Lost and Found LE

Players

Lambo - Winner!

  • Race: Zerg Zerg
  • League: Master
  • Spawn Location: 7:00

SortOf

  • Race: Zerg Zerg
  • League: Master
  • Spawn Location: 1:00

Event: HomeStory Cup XVIII

VOD

Have the link to the VOD?

Description

Time

  • Played on: Nov. 23, 2018, 2:14 p.m.
  • Length: 20:09

All games in this series

Show
View Real Time Build Order
Export as new Build Order

Lambo Zerg - Winner!

Build Orders: Hatch First, Lurkers, Muta Ling Bane 

Get SALT Encoding   

  12  0:00  Drone  
  13  0:12  Overlord  
  13  0:17  Drone  
  14  0:31  Drone x2  
  16  0:46  Hatchery  
  15  0:50  Drone  
  15  0:54  Drone  
  17  0:57  Drone  
  18  1:07  Extractor  
  17  1:12  Spawning Pool  
  17  1:14  Drone  
  17  1:18  Drone  
  18  1:28  Drone  
  19  1:39  Drone  
  20  1:50  Drone  
  21  1:58  Drone  
  21  1:59  Queen x2  
  21  2:00  Overlord  
  26  2:07  Metabolic Boost  
  26  2:10  Drone  
  26  2:11  Drone  
  28  2:20  Drone  
  28  2:22  Zergling x2  
  30  2:31  Hatchery  
  30  2:33  Drone  
  30  2:35  Drone  
  31  2:42  Drone, Baneling Nest  
  31  2:46  Overlord  
  31  2:56  Zergling x2  
  31  2:58  Drone  
  33  3:04  Drone  
  34  3:07  Drone x5  
  34  3:08  Zergling x2  
  34  3:10  Zergling x2  
  41  3:16  Drone  
  42  3:21  Drone  
  42  3:26  Overlord  
  43  3:32  Drone  
  44  3:34  Lair  
  44  3:40  Evolution Chamber  
  43  3:43  Drone x7  
  43  3:46  Extractor  
  43  3:47  Extractor  
  48  3:49  Queen  
  48  3:50  Drone  
  48  3:53  Drone x2  
  53  3:58  Drone x2  
  54  4:05  Drone  
  54  4:08  Extractor, Overlord  
  54  4:12  Zerg Melee Weapons Level 1  
  54  4:14  Zergling x8  
  58  4:20  Overlord  
  58  4:22  Overlord  
  58  4:24  Overlord  
  57  4:32  Drone x3  
  57  4:34  Spire  
  57  4:35  Zergling x2  
  57  4:36  Drone  
  62  4:38  Drone  
  62  4:43  Zergling x6  
  65  4:46  Zergling x4  
  65  4:47  Drone  
  65  4:50  Baneling  
  65  4:51  Baneling x3  
  68  4:53  Baneling x2  
  68  4:55  Drone  
  69  5:00  Drone x2  
  69  5:02  Extractor, Overlord  
  69  5:03  Extractor  
  69  5:05  Drone x2  
  66  5:14  Zergling x14  
  66  5:20  Zergling x8  
  75  5:23  Zergling x4  
  77  5:29  Baneling x3  
  84  5:35  Drone x7  
  84  5:41  Drone  
  85  5:49  Drone x2  
  87  5:53  Drone  
  87  5:55  Drone x3  
  87  5:58  Mutalisk x4  
  87  6:00  Zerg Flyer Weapons Level 1  
  87  6:03  Mutalisk  
  96  6:05  Mutalisk  
  96  6:21  Overlord  
  96  6:23  Overlord  
  96  6:24  Overlord  
  95  6:26  Overlord, Hatchery  
  95  6:31  Baneling x6  
  95  6:32  Mutalisk x2  
  98  6:33  Zerg Melee Weapons Level 2  
  98  6:37  Overseer  
  98  6:38  Overlord  
  98  6:44  Mutalisk x3  
  104  6:52  Zergling x16  
  112  7:00  Centrifical Hooks  
  112  7:01  Drone x5  
  114  7:02  Drone  
  114  7:07  Mutalisk x2  
  121  7:10  Mutalisk  
  121  7:13  Extractor  
  122  7:18  Extractor, Pneumatized Carapace  
  121  7:29  Mutalisk x2  
  125  7:32  Overlord  
  125  7:34  Mutalisk  
  125  7:36  Drone  
  125  7:37  Drone x2  
  128  7:41  Zergling x16  
  130  7:44  Overseer, Mutalisk  
  130  7:45  Mutalisk  
  130  7:47  Overseer  
  130  7:52  Queen  
  132  7:58  Mutalisk x2  
  132  8:00  Overseer, Hatchery  
  136  8:05  Zergling x18  
  136  8:08  Mutalisk  
  136  8:11  Drone x3  
  149  8:15  Mutalisk  
  151  8:23  Overlord  
  149  8:28  Overlord  
  149  8:31  Overseer  
  149  8:32  Overlord  
  149  8:34  Mutalisk x5  
  134  8:39  Infestation Pit  
  148  8:41  Drone x7  
  148  8:44  Overlord  
  148  8:48  Extractor  
  149  8:51  Extractor  
  149  8:53  Zerg Flyer Weapons Level 2  
  149  8:55  Mutalisk x2  
  148  9:02  Mutalisk x2  
  157  9:10  Drone x3  
  157  9:11  Mutalisk x2  
  157  9:13  Zergling x14  
  168  9:28  Mutalisk x4  
  172  9:33  Mutalisk  
  172  9:35  Zergling x16  
  182  9:44  Baneling x4  
  182  9:48  Zerg Ground Armor Level 1  
  182  9:51  Evolution Chamber  
  179  9:53  Mutalisk x3  
  179  9:55  Zergling x8  
  179  9:59  Hive  
  189  10:02  Overlord  
  187  10:08  Mutalisk  
  189  10:14  Hydralisk Den  
  189  10:20  Overseer  
  188  10:29  Zerg Missile Weapons Level 1  
  188  10:30  Hydralisk Den  
  187  10:41  Hatchery  
  184  10:46  Grooved Spines  
  184  10:49  Lurker Den  
  183  10:55  Hydralisk  
  183  10:56  Hydralisk x6  
  197  11:00  Muscular Augments  
  197  11:01  Overlord  
  192  12:01  Baneling x13  
  191  12:21  Lurker x7  
  196  12:23  Adaptive Talons  
  196  12:24  Zerg Missile Weapons Level 2, Zerg Ground Armor Level 2  
  196  12:36  Extractor  
  191  12:40  Extractor  
  162  13:22  Viper x4  
  162  13:26  Hydralisk x15  
  180  13:31  Overseer x3  
  180  13:32  Overseer x2  
  179  13:54  Hydralisk x12  
  193  14:03  Overseer  
  193  14:04  Overlord  
  193  14:05  Overlord  
  193  14:11  Drone x2  
  195  14:32  Hydralisk x2  
  199  14:38  Overseer  
  187  14:48  Hydralisk x19  
  195  14:53  Hydralisk x2  
  195  14:54  Overseer  
  192  15:09  Overlord  
  192  15:10  Overseer  
  192  15:12  Overlord x5  
  192  15:14  Overseer x2  
  182  15:17  Zerg Missile Weapons Level 3  
  178  15:33  Hydralisk x12  
  196  15:37  Hydralisk  
  196  15:45  Hydralisk x3  
  198  15:53  Lurker  
  198  15:56  Spine Crawler  
  198  15:57  Evolution Chamber  
  198  16:01  Overseer x4  
  194  16:17  Hydralisk x5  
  198  16:25  Viper x2  
  193  16:28  Viper  
  198  16:33  Zerg Ground Armor Level 3  
  198  16:54  Overseer  
  198  17:01  Hatchery  
  197  17:08  Overlord  
  195  17:32  Hydralisk x2  
  191  17:47  Viper x3  
  191  17:50  Drone  
  198  17:52  Overseer  
  198  17:53  Overlord  
  198  17:55  Lurker x2  
  198  17:56  Overlord x2  
  198  17:57  Overseer x2  
  198  18:11  Overlord  
  198  18:23  Hydralisk  
  198  18:24  Hydralisk x3  
  192  18:30  Hydralisk x11  
  192  18:31  Hydralisk x5  
  192  18:32  Hatchery  
  192  18:33  Hydralisk x2  
  192  18:34  Hydralisk  
  194  18:41  Hydralisk x5  
  194  18:47  Hydralisk x4  
  187  18:57  Hydralisk x3  
  187  18:58  Hydralisk x4  
  187  19:01  Overseer  
  199  19:03  Lurker  
  200  19:22  Hatchery  
  197  19:42  Hydralisk x4  
  192  19:54  Overseer x5  
Show
View Real Time Build Order
Export as new Build Order

SortOf Zerg 

Build Orders: Hatch First, Lurkers 

Get SALT Encoding   

  12  0:01  Drone  
  13  0:13  Overlord  
  13  0:17  Drone  
  14  0:31  Drone x2  
  16  0:49  Hatchery  
  15  0:52  Drone  
  15  0:55  Drone  
  17  0:58  Drone  
  18  1:09  Extractor  
  17  1:13  Spawning Pool  
  17  1:16  Drone  
  17  1:20  Drone  
  18  1:29  Drone  
  19  1:39  Drone  
  20  1:50  Overlord  
  20  2:00  Queen x2  
  24  2:02  Drone x2  
  26  2:09  Metabolic Boost  
  26  2:13  Drone x2  
  29  2:22  Drone  
  29  2:23  Drone  
  30  2:32  Hatchery  
  30  2:35  Drone  
  30  2:40  Drone  
  31  2:44  Baneling Nest  
  31  2:47  Overlord  
  30  2:52  Drone  
  30  2:56  Zergling x4  
  33  2:59  Queen  
  35  3:07  Drone  
  35  3:10  Drone x4  
  40  3:15  Overlord  
  40  3:18  Drone x2  
  42  3:21  Zergling x2  
  42  3:22  Zergling x2  
  44  3:27  Evolution Chamber  
  44  3:28  Baneling x2  
  44  3:32  Drone  
  44  3:35  Drone  
  44  3:39  Overlord  
  44  3:40  Extractor  
  44  3:42  Drone x3  
  44  3:46  Drone x3  
  49  3:49  Zergling x2  
  49  3:50  Zergling x2  
  49  3:54  Drone  
  49  3:55  Overlord  
  51  4:03  Drone  
  51  4:05  Zerg Ground Armor Level 1  
  51  4:07  Extractor, Drone  
  51  4:08  Drone x2  
  54  4:16  Drone x5  
  59  4:21  Overlord  
  59  4:25  Drone, Roach Warren  
  59  4:28  Drone x2  
  61  4:31  Drone  
  61  4:35  Lair  
  62  4:40  Zergling x6  
  62  4:44  Queen  
  67  4:48  Baneling x2  
  67  4:50  Queen, Drone x2  
  67  4:52  Drone x2  
  73  4:56  Zergling x8  
  77  5:00  Overlord  
  77  5:01  Drone x2  
  77  5:05  Drone  
  77  5:06  Drone  
  81  5:14  Zergling x6  
  75  5:22  Drone  
  75  5:24  Baneling x2  
  75  5:25  Zergling x6  
  75  5:26  Roach  
  75  5:27  Drone, Roach x3  
  88  5:28  Queen  
  88  5:33  Overlord  
  90  5:43  Extractor, Hydralisk Den  
  90  5:44  Drone x2  
  90  5:45  Extractor  
  87  5:50  Drone x4  
  87  5:53  Drone  
  87  5:54  Hatchery  
  87  5:57  Drone x3  
  89  6:01  Queen x2  
  89  6:04  Spore Crawler x2  
  93  6:08  Overlord  
  93  6:11  Zerg Missile Weapons Level 1, Glial Reconstitution  
  91  6:21  Overlord, Roach x2  
  91  6:23  Lurker Den  
  91  6:24  Overlord  
  91  6:25  Spore Crawler x2  
  93  6:28  Drone  
  93  6:32  Drone x3  
  96  6:39  Spore Crawler  
  95  6:40  Hatchery  
  95  6:42  Spore Crawler  
  95  6:46  Drone x3  
  96  6:50  Spore Crawler  
  95  6:57  Drone x2  
  95  6:58  Queen x3, Drone x3  
  95  6:59  Extractor  
  95  7:01  Overlord  
  104  7:04  Muscular Augments  
  104  7:07  Overlord  
  104  7:08  Overlord  
  104  7:14  Overlord  
  104  7:16  Spore Crawler x2  
  104  7:17  Overlord  
  104  7:18  Overlord  
  104  7:20  Baneling x3  
  104  7:22  Hydralisk  
  104  7:29  Overlord  
  104  7:31  Hydralisk x4  
  104  7:37  Baneling x2  
  112  7:43  Queen  
  112  7:49  Drone x7  
  117  7:58  Lurker x5  
  122  8:01  Drone x2  
  118  8:08  Hydralisk x4  
  118  8:12  Drone x2, Spore Crawler  
  128  8:16  Grooved Spines  
  127  8:20  Extractor  
  127  8:22  Extractor  
  127  8:23  Infestation Pit, Zerg Missile Weapons Level 2, Spore Crawler  
  121  8:29  Drone x2  
  121  8:33  Drone  
  121  8:34  Drone x4  
  123  8:35  Spore Crawler  
  123  8:38  Lurker  
  123  8:39  Lurker x3  
  127  8:44  Spore Crawler  
  127  8:45  Spore Crawler  
  125  8:50  Spore Crawler  
  125  8:52  Drone x6  
  130  8:55  Drone  
  130  8:56  Drone  
  130  8:59  Hive  
  132  9:06  Hydralisk x2  
  132  9:07  Hydralisk x3  
  142  9:12  Spore Crawler  
  142  9:13  Spore Crawler  
  142  9:15  Spore Crawler  
  131  9:26  Hydralisk x6  
  138  9:36  Spore Crawler  
  137  9:38  Hydralisk x4  
  137  9:42  Spore Crawler  
  144  9:46  Spore Crawler x2  
  144  9:49  Hydralisk x4  
  148  9:54  Overlord  
  148  9:58  Overlord x2  
  148  9:59  Evolution Chamber  
  147  10:02  Lurker x4  
  150  10:10  Drone x2  
  150  10:11  Drone  
  150  10:12  Viper  
  154  10:18  Lurker  
  155  10:24  Viper  
  155  10:25  Overlord  
  155  10:28  Drone x2  
  160  10:29  Drone x3, Spine Crawler  
  160  10:31  Drone x3, Spine Crawler, Spore Crawler  
  160  10:33  Drone, Spore Crawler  
  163  10:36  Spine Crawler  
  163  10:38  Spore Crawler  
  161  10:46  Spore Crawler  
  161  10:48  Zerg Missile Weapons Level 3  
  160  10:50  Overseer  
  160  10:51  Overseer  
  160  10:57  Zerg Ground Armor Level 2  
  160  11:01  Hydralisk  
  160  11:02  Hydralisk x3  
  168  11:08  Viper  
  171  11:13  Spore Crawler  
  171  11:15  Viper  
  170  11:25  Spore Crawler  
  170  11:26  Hydralisk x5  
  170  11:27  Spine Crawler  
  170  11:28  Spine Crawler  
  177  11:38  Overlord  
  177  11:43  Unknown  
  177  11:45  Hatchery  
  176  11:49  Hydralisk  
  176  11:50  Hydralisk x2  
  182  12:02  Viper x2  
  182  12:05  Spore Crawler  
  182  12:06  Spore Crawler x2  
  182  12:07  Spore Crawler  
  182  12:08  Lurker x3  
  187  12:09  Unknown  
  184  12:24  Drone  
  184  12:25  Drone x2  
  187  12:32  Hydralisk x3  
  187  12:36  Lurker x3  
  189  12:37  Lurker  
  189  12:42  Unknown  
  188  12:48  Hatchery  
  185  12:52  Hydralisk x3  
  185  13:06  Unknown  
  185  13:11  Unknown  
  185  13:12  Unknown  
  177  13:27  Hydralisk x7  
  177  13:30  Evolution Chamber x2  
  177  13:32  Hatchery  
  188  13:35  Drone x4  
  188  13:36  Spore Crawler  
  188  13:39  Spore Crawler  
  172  13:48  Viper x5  
  173  14:03  Lurker x3  
  173  14:05  Overlord  
  176  14:10  Hatchery, Spore Crawler  
  174  14:29  Hydralisk x10  
  174  14:31  Pneumatized Carapace  
  192  14:32  Overseer  
  192  14:43  Hatchery  
  168  15:09  Hydralisk x10  
  168  15:10  Hydralisk x3  
  188  15:19  Hydralisk x2  
  188  15:41  Hydralisk x3  
  171  15:54  Overseer, Lurker x3  
  167  16:02  Drone x13  
  178  16:17  Viper x2  
  184  16:20  Overlord  
  182  16:31  Overlord  
  182  16:39  Extractor  
  177  16:42  Lurker x6  
  183  16:50  Overseer  
  183  16:52  Hydralisk  
  183  16:53  Hydralisk  
  187  17:23  Hydralisk  
  187  17:24  Hydralisk x6  
  199  17:36  Lurker x2  
  181  17:46  Hydralisk x2  
  185  17:54  Hatchery  
  185  17:57  Spore Crawler  
  185  17:58  Extractor  
  182  18:07  Hydralisk x5, Hatchery  
  183  18:32  Viper  
  183  18:33  Viper  
  156  18:42  Hydralisk x2  
  156  18:46  Hydralisk  
  156  18:47  Overlord, Hydralisk  
  156  18:58  Hydralisk x2  
  158  19:16  Spore Crawler  
  157  19:17  Spore Crawler  
  154  19:31  Viper x2  
  160  19:39  Spine Crawler  
  160  19:45  Hydralisk x8  
Tags
 
Add a new tag
Caveats
  • Supply blocks, unpowered buildings, or Contaminate may cause inaccurate times.
  • Supply counts are checked every 10 seconds.